 Dungeon Crawl Stone Soup version 0.29-a0-321-gf1c400731a (webtiles) character file.

Game seed: 10039920188190720399

1295 kae the Firebug (level 8, -10/46 HPs)
             Began as a Tengu Fire Elementalist on Apr 4, 2022.
             Killed by divine providence
             ... invoked by an orc priest
              (12 damage)
             ... on level 5 of the Dungeon.
             The game lasted 00:07:48 (7559 turns).

kae the Firebug (Tengu Fire Elementalist)           Turns: 7559, Time: 00:07:49

Health: -10/46     AC:  3    Str:  8    XL:     8   Next: 56%
Magic:  9/14       EV: 18    Int: 18    God:
Gold:   233        SH:  7    Dex: 27    Spells: 8/14 levels left

rFire   . . .      SeeInvis .   k - +2 short sword (venom)
rCold   . . .      Faith    .   p - +1 buckler
rNeg    . . .      Spirit   .   a - +0 robe
rPois   .          Reflect  .   (helmet restricted)
rElec   .          Harm     .   j - +0 cloak
rCorr   .          Rampage  .   (no gloves)
Will    .....                   (boots unavailable)
Stlth   +++.......              (no amulet)
HPRegen 0.15/turn               n - +6 ring of dexterity
MPRegen 0.14/turn               o - +6 ring of dexterity

@: flying quickly and evasively, quick
A: beak, talons 3, nimble flight
a: no special abilities


You were on level 5 of the Dungeon.
You visited 1 branch of the dungeon, and saw 5 of its levels.
You also visited: Sewer.

You collected 233 gold pieces.

Inventory:

Hand Weapons
 i - a +0 short sword
 k - a +2 short sword of venom (weapon)
Missiles
 q - a throwing net
Armour
 a - a +0 robe (worn)
 j - a +0 cloak (worn)
 p - a +1 buckler (worn)
Jewellery
 n - a +6 ring of dexterity (left hand)
 o - a +6 ring of dexterity (right hand)
 x - a ring of see invisible
Wands
 b - a wand of flame (14)
Scrolls
 e - a scroll of blinking
 g - 2 scrolls of amnesia
 s - a scroll of teleportation
 t - a scroll of identify
 v - a scroll of summoning
 y - a scroll of enchant weapon
Potions
 c - 2 potions of brilliance
 d - a potion of attraction
 f - 2 potions of curing
 h - a potion of invisibility
 l - a potion of mutation
 m - 3 potions of flight
 r - a potion of degeneration
 u - a potion of cancellation
 w - a potion of magic
 z - a potion of heal wounds


   Skills:
 + Level 3.2 Fighting
 + Level 3.5 Armour
 + Level 4.2 Dodging
 - Level 2.0 Stealth
 + Level 2.9 Shields
 + Level 3.7 Spellcasting
 + Level 4.7 Conjurations
 * Level 6.7 Fire Magic


You had 8 spell levels left.
You knew the following spells:

 Your Spells              Type           Power      Damage    Failure   Level
a - Foxfire               Conj/Fire      96%        2x1d8     1%          1
b - Scorch                Fire           54%        2d8       1%          2
c - Conjure Flame         Conj/Fire      24%        6-21      5%          3

Your spell library contained the following spells:

 Spells                   Type           Power      Damage    Failure   Level
 Inner Flame              Hex/Fire       15%        N/A       16%         3
 Flame Wave               Conj/Fire      24%        2d7       19%         4
 Animate Skeleton         Necr           6%         N/A       21%         1
 Beastly Appendage        Tmut           6%         N/A       21%         1
 Pain                     Necr           12%        1d4       21%         1
 Sublimation of Blood     Necr           3%         N/A       30%         2
 Wereblood                Tmut           3%         N/A       30%         2
 Ozocubu's Armour         Ice            3%         N/A       52%         3
 Spider Form              Tmut/Pois      3%         N/A       52%         3
 Vampiric Draining        Necr           3%         2d6       52%         3
 Petrify                  Tmut/Erth      3%         N/A       89%         4
 Irradiate                Conj/Tmut      5%         3d15      91%         5
 Ozocubu's Refrigeration  Ice            1%         4d5       100%        7


Dungeon Overview and Level Annotations

Branches:
Dungeon (5/15)              Sewer (visited)
 Temple: D:4-7

Altars:
Ru
Xom

Shops:
D:1 !


Innate Abilities, Weirdness & Mutations

You have a beak for a mouth.
You have claws for feet.
Your magical nature lets you fly swiftly and evasively.


Message History

The orc priest mumbles some strange prayers to Beogh against you.
Beogh smites you!
You barely miss the orc. Your kick misses the orc. Your peck misses the orc.
You block the orc's attack.
You puncture the orc!
You kill the orc!
The orc priest calls down the wrath of Beogh upon you.
Beogh smites you!
You are too injured to fight recklessly!
Casting: Foxfire (safe; 1% risk of failure)
Confirm with . or Enter, or press ? or * to list all spells.
You conjure some foxfire!
An orc wizard comes into view. It is wielding a +0 dagger.
The foxfire hits the orc.
The orc is heavily wounded.
The foxfire hits the orc.
You kill the orc!
Casting: Foxfire (safe; 1% risk of failure)
Confirm with . or Enter, or press ? or * to list all spells.
Flames lash the orc priest.
The orc priest is moderately wounded.
The orc priest's fire resistance burns away.
The orc priest calls down the wrath of Beogh upon you.
Beogh smites you!
* * * LOW HITPOINT WARNING * * *
A worm comes into view.
The orc priest calls down the wrath of Beogh upon you.
Pain shoots through your body!
* * * LOW HITPOINT WARNING * * *
The orc wizard casts a spell at you. You resist with some effort.
Casting: Scorch (safe; 1% risk of failure)
Confirm with . or Enter, or press ? or * to list all spells.
Flames lash the orc wizard.
The orc wizard is almost dead.
The orc wizard's fire resistance burns away.
You hear a shout!
The orc priest calls down the wrath of Beogh upon you.
Beogh smites you!
You die...

... #..... #..
...#w . #.# ....
.. ##.# ...#...
..# ..... #.#
o..#.#.
#.#####)......
#..o..@..#
#.##.#...#
#.##.#.### #
#.##.#.# #.##
#.##.#.##
#...####.##....#
.............#..
................
##.##...####.#.


You could see a worm, an orc priest (combustible) and an orc wizard
(combustible).

Vanquished Creatures
  Grinder (D:3)
  An ogre (D:4)
  3 kobold brigands
  6 hounds
  2 orc priests
  A jelly (D:5)
  An iguana (D:3)
  2 orc wizards
  19 gnolls
  7 adders
  3 worms
  7 dart slugs
  27 orcs
  14 ball pythons
  3 endoplasms (D:4)
  5 giant cockroaches
  2 goblins (D:2)
  12 hobgoblins
  15 jackals
  7 quokkas
  4 bats
  7 frilled lizards
  24 kobolds
  9 rats
182 creatures vanquished.

Vanquished Creatures (collateral kills)
  A goblin (D:4)
  A foxfire (D:4)
2 creatures vanquished.

Vanquished Creatures (others)
  306 foxfires
  A plant (D:4)
307 creatures vanquished.

Grand Total: 491 creatures vanquished

Notes
Turn   | Place    | Note
-------+----------+-------------------------------------------
     0 | D:1      | kae the Tengu Fire Elementalist began the quest for the
                  | Orb.
     0 | D:1      | Reached XP level 1. HP: 10/10 MP: 4/4
   546 | D:1      | Reached XP level 2. HP: 15/15 MP: 4/6
   596 | D:1      | Found Foavviwn's Distillery.
  1278 | D:1      | Learned a level 2 spell: Scorch
  1330 | D:1      | Reached XP level 3. HP: 20/20 MP: 3/7
  1432 | D:1      | Reached skill level 4 in Fire Magic
  1647 | D:1      | Reached skill level 1 in Armour
  1888 | D:1      | Reached skill level 1 in Fighting
  1972 | D:1      | Found a faded altar of an unknown god.
  2209 | D:2      | Learned a level 3 spell: Conjure Flame
  2355 | D:2      | Reached XP level 4. HP: 25/25 MP: 6/8
  3280 | D:3      | Found a sacrificial altar of Ru.
  3531 | D:3      | Noticed Grinder
  3560 | D:3      | Killed Grinder
  3561 | D:3      | Reached skill level 1 in Shields
  3561 | D:3      | Reached skill level 5 in Fire Magic
  3561 | D:3      | Gained mutation: Your magical nature lets you fly swiftly
                  | and evasively. [Tengu growth]
  3561 | D:3      | Reached XP level 5. HP: 8/30 MP: 6/10
  3561 | D:3      | Reached XP level 6. HP: 9/35 MP: 6/11
  4534 | D:3      | Found a large runed translucent door.
  4547 | D:3      | Found a large runed translucent door.
  4547 | D:3      | Found a shimmering altar of Xom.
  4882 | D:4      | Reached XP level 7. HP: 40/40 MP: 12/12
  5352 | D:4      | Found a glowing drain.
  5357 | Sewer    | Entered a sewer
  6096 | D:4      | Reached skill level 6 in Fire Magic
  6277 | D:4      | Reached XP level 8. HP: 45/45 MP: 14/14
  7481 | D:5      | Entered Level 5 of the Dungeon
  7558 | D:5      | HP: 1/46 [orc priest/nerve-wracking pain (9)]
  7559 | D:5      | Killed from afar by an orc priest

Illustrated notes

Levels and vault maps discovered:
D:1:      sevenhm_arrival_forest_fort_small_5, layout_loops_ring, serial_shops,
          nicolae_shop_stone, hellmonk_ecumenical_altar_heavens_door,
          minmay_vboxes
D:2:      layout_basic, amcnicky_mini_rare_corridor_liquid
D:3:      due_chaos_kobolds, layout_basic, nicolae_ru_awakened_eye,
          minmay_surrounded, uniq_grinder
D:4:      lemuel_castle_with_subvaults [lemuel_castle_interior_carwin_1],
          layout_gridville, portal_sewer_entry_e, st_stairs_2
D:5:      layout_loops_ring, minmay_temple_entry_glass, serial_shops, shop,
          uniq_pikel

Skill      XL: |  1  2  3  4  5  6  7  8 |
---------------+-------------------------+-----
Conjurations   | 2 3 4 |  4.7
Fire Magic     | 4 5 6 |  6.7
Armour         | 1 2 3 |  3.5
Fighting       | 1 2 3 |  3.2
Dodging        | 3 4 |  4.2
Shields        | 1 2 |  2.9
Spellcasting   | 3 |  3.7
Stealth        | |  2.0

Action                   |  1- 3 |  4- 6 |  7- 9 || total
-------------------------+-------+-------+-------++-------
Melee: Unarmed           |    18 |       |       ||    18
       Kick              |    15 |     5 |    33 ||    53
       Peck              |     5 |     7 |    23 ||    35
       Short sword       |    30 |    38 |   101 ||   169
       Punch             |     1 |       |       ||     1
 Cast: Foxfire           |    45 |    67 |    75 ||   187
       Scorch            |       |    10 |    29 ||    39
       Conjure Flame     |       |     1 |       ||     1
  Use: Scroll            |     7 |     6 |     7 ||    20
       Potion            |       |     5 |       ||     5
 Stab: Sleeping          |       |     1 |     2 ||     3
Armor: Robe              |    13 |     3 |     9 ||    25
       Skin              |       |    11 |       ||    11
Dodge: Dodged            |    45 |    29 |   102 ||   176
Block: Buckler           |       |    16 |    56 ||    72

Table legend: (Time is in decaauts)
 A = Elapsed time spent in this place.
 B = Non-inter-level travel time spent in this place.
 C = Inter-level travel time spent in this place.
 D = Time resting spent in this place.
 E = Time spent auto-exploring this place.
 F = Levels seen in this place.
 G = Mean time per level.
                   A        B        C        D        E       F      G
               +--------+--------+--------+--------+--------+-----+--------+
         Total |   7429 |   7142 |    287 |    376 |   5521 |   6 | 1238.2 |
       Dungeon |   6931 |   6644 |    287 |    376 |   5176 |   5 | 1386.2 |
         Sewer |    498 |    498 |      0 |      0 |    344 |   1 |  498.0 |
               +--------+--------+--------+--------+--------+-----+--------+

Top non-repeatable levels by time:
     D:1: 2233 daAuts
     D:4: 2047 daAuts
     D:3: 1563 daAuts
     D:2: 1038 daAuts
   Sewer: 498 daAuts
     D:5: 49 daAuts
